 Dungeon Crawl Stone Soup version 0.32-a0-913-g739538afd8 (webtiles) character file.

Game seed: 16485032089029027689

37 pokeman the Magician (level 3, -6/20 HPs)
             Began as a Deep Elf Hedge Wizard on Apr 7, 2024.
             Mangled by Terence
             ... wielding a +0 morningstar
              (8 damage)
             ... on level 2 of the Dungeon.
             The game lasted 00:02:12 (1582 turns).

pokeman the Magician (Deep Elf Hedge Wizard)        Turns: 1582, Time: 00:02:12

Health: -6/20      AC:  2    Str:  7    XL:     3   Next: 21%
Magic:  8/11       EV: 11    Int: 20    God:
Gold:   135        SH:  0    Dex: 14    Spells: 4/12 levels left

rFire   . . .        a - +0 dagger
rCold   . . .        (no shield)
rNeg    . . .        b - +0 robe
rPois   .            c - +0 hat
rElec   .            (no cloak)
rCorr   .            (no gloves)
SInv    .            (no boots)
Will    .....        (no amulet)
Stlth   ++           (no ring)
HPRegen 0.23/turn    (no ring)
MPRegen 0.12/turn

%: no passive effects
@: no status effects
A: no striking features
a: no special abilities


You were on level 2 of the Dungeon.
You visited 1 branch of the dungeon, and saw 2 of its levels.

You collected 135 gold pieces.

Inventory:

Hand Weapons
 a - a +0 dagger (weapon)
Armour
 b - a +0 robe (worn)
 c - a +0 hat (worn)
Jewellery
 h - an amulet of faith
 l - a ring of fire
Scrolls
 e - a scroll of teleportation {unknown}
 f - a scroll of brand weapon {unknown}
 i - a scroll of identify {unknown}
 j - a scroll of butterflies {unknown}
Potions
 d - a potion of magic
 g - 2 potions of brilliance {unknown}
 k - a potion of curing {unknown}


   Skills:
 + Level 0.8 Fighting
 + Level 0.8 Armour
 - Level 2.4 Dodging
 - Level 2.4 Stealth
 * Level 5.1 Spellcasting
 + Level 1.8 Conjurations
 - Level 1.1 Summonings
 - Level 1.1 Translocations


You had 4 spell levels left.
You knew the following spells:

 Your Spells              Type           Power      Damage    Failure   Level
a - Magic Dart            Conj           48%        1d5       5%          1
b - Mephitic Cloud        Conj/Alch/Air  7%         N/A       26%         3
c - Call Imp              Summ           18%        N/A       11%         2
d - Blink                 Tloc           18%        N/A       11%         2

Your spell library contained the following spells:

 Spells                   Type           Power      Damage    Failure   Level
 Apportation              Tloc           18%        N/A       8%          1
 Slow                     Hex            20%        N/A       12%         1
 Cigotuvi's Dreadful Rot  Necr/Alch/Air  10%        N/A       17%         2
 Jinxbite                 Hex            10%        N/A       17%         2
 Alistair's Intoxication  Alch           3%         N/A       97%         5


Dungeon Overview and Level Annotations

Branches:
Dungeon (2/15)

Altars:

Annotations:
D:2 Terence


Message History

Terence hits you with a +0 morningstar!
Your cerulean imp hits Terence but does no damage.
You hit Terence.
Terence is heavily wounded.
Terence mumbles something.
Terence hits your cerulean imp with a +0 morningstar!
Your cerulean imp hits Terence but does no damage.
You hit Terence but do no damage.
Terence is heavily wounded.
Your cerulean imp barely misses Terence.
You hit Terence but do no damage.
Terence is heavily wounded.
Terence barely misses you.
Your cerulean imp hits Terence but does no damage.
You hit Terence but do no damage.
Terence is heavily wounded.
Terence ponders the situation.
Terence hits you with a +0 morningstar.
Your cerulean imp hits Terence but does no damage.
You hit Terence but do no damage.
Terence is heavily wounded.
Terence hits you with a +0 morningstar!
Ouch! That really hurt!
* * * LOW HITPOINT WARNING * * *
Your cerulean imp hits Terence but does no damage.
You strike the helpless Terence from behind!
You hit Terence.
Terence is severely wounded.
Terence mumbles something.
Terence misses your cerulean imp.
Your cerulean imp hits Terence but does no damage.
You hit Terence but do no damage.
Terence is severely wounded.
Terence looks very confused.
Terence misses your cerulean imp.
Your cerulean imp hits Terence but does no damage.
You hit Terence but do no damage.
Terence is severely wounded.
Terence hits you with a +0 morningstar!
You die...

#.#.###.# .#
#.....#.# .#
#.....#.#
#.....#.#
#.....#.#
#.......#
#.....5.####
####.@.....+
##<@.####
#...## #.###
#.# #.# #.#
#.. #.# #..


You could see Terence (confused, ally target) and a friendly cerulean imp
(summoned).

Vanquished Creatures
  An adder (D:2)
  3 ball pythons (D:1)
  4 bats (D:1)
  2 endoplasms (D:1)
  A giant cockroach (D:2)
  A goblin (D:2)
  2 hobgoblins (D:1)
  A kobold (D:1)
  5 quokkas (D:1)
  2 frilled lizards (D:1)
  2 rats (D:1)
24 creatures vanquished.

Notes
Turn   | Place    | Note
-------+----------+-------------------------------------------
     0 | D:1      | pokeman the Deep Elf Hedge Wizard began the quest for the
                  | Orb.
     0 | D:1      | Reached XP level 1. HP: 10/10 MP: 7/7
   197 | D:1      | Reached XP level 2. HP: 16/16 MP: 6/9
   546 | D:1      | Found a faded altar of an unknown god.
   948 | D:1      | Reached skill level 5 in Spellcasting
  1375 | D:2      | Noticed Terence
  1383 | D:2      | Reached XP level 3. HP: 15/20 MP: 4/11
  1455 | D:1      | Learned a level 3 spell: Mephitic Cloud
  1458 | D:1      | Learned a level 2 spell: Call Imp
  1461 | D:1      | Learned a level 2 spell: Blink
  1579 | D:2      | HP: 1/20 [Terence/+0 morningstar (10)]
  1582 | D:2      | Mangled by Terence

Illustrated notes

Levels and vault maps discovered:
D:1:      dpeg_arrival_solitude, layout_loops_corners,
          hellmonk_ecumenical_altar_pennies_from_heaven
D:2:      layout_loops_corners, uniq_terence, uniq_robin, uniq_jessica

Skill      XL: |  1  2 |
---------------+-------+-----
Spellcasting   | 5 |  5.1
Fighting       | |  0.8
Armour         | |  0.8
Dodging        | |  2.4
Stealth        | |  2.4
Conjurations   | |  1.8
Summonings     | |  1.1
Translocations | |  1.1

Action                     || total
---------------------------++-------
  Melee: Dagger            ||    18
   Cast: Magic Dart        ||    62
         Mephitic Cloud    ||     1
         Call Imp          ||     1
   Stab: Confused          ||     4
 Armour: Robe              ||    10
  Dodge: Dodged            ||    15

Table legend: (Time is in decaauts)
 A = Elapsed time spent in this place.
 B = Non-inter-level travel time spent in this place.
 C = Inter-level travel time spent in this place.
 D = Time resting spent in this place.
 E = Time spent auto-exploring this place.
 F = Levels seen in this place.
 G = Mean time per level.
                   A        B        C        D        E       F      G
               +--------+--------+--------+--------+--------+-----+--------+
         Total |   1584 |   1566 |     18 |    100 |   1255 |   2 |  792.0 |
       Dungeon |   1584 |   1566 |     18 |    100 |   1255 |   2 |  792.0 |
               +--------+--------+--------+--------+--------+-----+--------+

Top non-repeatable levels by time:
     D:1: 1363 daAuts
     D:2: 220 daAuts
